 Dungeon Crawl Stone Soup version 0.31.0-12-g77e489cdc1 (webtiles) character file.

Game seed: 10595189775368533917

5 Goblin1989 the Changeling (level 1, 0/15 HPs)
             Began as a Demonspawn Shapeshifter on Feb 16, 2024.
             Slain by a goblin
             ... wielding a +0 dagger
              (3 damage)
             ... on level 1 of the Dungeon.
             The game lasted 00:00:39 (184 turns).

Goblin1989 the Changeling (Demonspawn Shapeshifter)  Turns: 184, Time: 00:00:40

Health: 0/15       AC:  2    Str: 14    XL:     1   Next: 66%
Magic:  1/1        EV: 12    Int: 10    God:
Gold:   0          SH:  0    Dex: 12    Spells: 0/0 levels left

rFire   . .          .
                       - Unarmed
rCold   . . .        (no shield)
rNeg    . . .        a - +0 animal skin
rPois   .            (helmet currently unavailable)
rElec   .            (cloak currently unavailable)
rCorr   .            (gloves currently unavailable)
SInv    +            (boots currently unavailable)
Will    .....        (no amulet)
Stlth   +            e - ring of see invisible
HPRegen 0.22/turn    (no ring)
MPRegen 0.07/turn

%: no passive effects
@: beast-form
A: beast (slay +1)
a: Begin Untransformation


You were on level 1 of the Dungeon.
You were a hulking beast.
You visited 1 branch of the dungeon, and saw 1 of its levels.

Inventory:

Armour
 a - a +0 animal skin (worn)
Jewellery
 e - a ring of see invisible (left hand)
Talismans
 c - a beast talisman
 d - a flux talisman
Scrolls
 f - a scroll of identify {unknown}
Potions
 b - a potion of lignification
 g - a potion of curing {unknown}


   Skills:
 - Level 1.0 Fighting
 - Level 1.7 Dodging
 - Level 2.6 Unarmed Combat
 + Level 3.0 Shapeshifting


You couldn't memorise any spells.
You didn't know any spells.
Your spell library was empty.

Dungeon Overview and Level Annotations

Branches:
Dungeon (1/15) Zot: 5816

Altars:


Message History

HP restored.
g - a fizzy silvery potion Health restored: 15 A goblin comes into view.
It is wielding a +0 club.
The goblin shouts!
You hear a shout! x2
The goblin moves out of view.
A goblin is nearby!
You closely miss the goblin. The goblin barely misses you.
You closely miss the goblin. The goblin closely misses you.
You hit the goblin.
The goblin is heavily wounded.
The goblin hits you with a +0 club.
You take 1 damage, and have 14/15 hp.
You hit the goblin.
You kill the goblin!
No target in view!
No target in view!
No target in view!
No target in view!
No target in view!
No target in view!
No target in view!
No target in view!
No target in view!
Things that are here:
a +0 club; a goblin corpse A goblin comes into view.
It is wielding a +0 dagger.
Health restored: 15 A goblin is nearby!
A goblin is nearby!
A quokka comes into view.
The goblin shouts!
A hobgoblin comes into view.
A ball python and a hobgoblin come into view.
The ball python hisses angrily.
The hobgoblin shouts! x2
You hear a loud squeak.
A goblin comes into view. It is wielding a +0 club.
The goblin shouts!
You hear an angry hiss.
You hit the quokka.
The quokka is heavily wounded.
The goblin hits you with a +0 dagger. The quokka closely misses you.
You take 2 damage, and have 13/15 hp.
You hit the quokka.
You kill the quokka!
The goblin hits you with a +0 dagger.
Your Shapeshifting skill increases to level 3!
You take 4 damage, and have 9/15 hp.
MASSIVE DAMAGE!!
You are too injured to fight recklessly!
You are too injured to fight recklessly!
You are too injured to fight recklessly!
You are too injured to fight recklessly!
You are too injured to fight recklessly!
You are too injured to fight recklessly!
You are too injured to fight recklessly!
You are too injured to fight recklessly!
You are too injured to fight recklessly!
You are too injured to fight recklessly!
You are too injured to fight recklessly!
You are too injured to fight recklessly!
You are too injured to fight recklessly!
You are too injured to fight recklessly!
You are too injured to fight recklessly!
You are too injured to fight recklessly!
You are too injured to fight recklessly!
You are too injured to fight recklessly!
You are too injured to fight recklessly!
You are too injured to fight recklessly!
You are too injured to fight recklessly!
You are too injured to fight recklessly!
The goblin attacks as it pursues you! The goblin hits you with a +0 dagger.
The teleport trap disappears.
The hobgoblin disappears!
A ball python comes into view.
The goblin attacks as it pursues you! The goblin hits you with a +0 dagger.
You take 1 damage, and have 8/15 hp.
The goblin attacks as it pursues you! The goblin hits you with a +0 dagger.
* * * LOW HITPOINT WARNING * * *
You take 2 damage, and have 6/15 hp.
The goblin attacks as it pursues you! The goblin barely misses you.
The goblin attacks as it pursues you! The goblin hits you with a +0 dagger.
* * * LOW HITPOINT WARNING * * *
You take 1 damage, and have 6/15 hp.
The goblin attacks as it pursues you! The goblin closely misses you.
The ball python attacks as it pursues you!
The ball python bites you.
* * * LOW HITPOINT WARNING * * *
The ball python grabs you. The ball python constricts you.
* * * LOW HITPOINT WARNING * * *
You take 2 damage, and have 5/15 hp.
The ball python's grasp on you weakens, but your attempt to escape fails.
The ball python closely misses you. The ball python constricts you.
* * * LOW HITPOINT WARNING * * *
You take 1 damage, and have 4/15 hp.
You escape the ball python's grasp.
Found 3 gold pieces.
The ball python barely misses you. The ball python completely misses you.
The goblin attacks as it pursues you! The goblin hits you with a +0 dagger.
* * * LOW HITPOINT WARNING * * *
The ball python misses you. The ball python completely misses you.
You take 1 damage, and have 3/15 hp.
The goblin hits you with a +0 dagger.
You die...

█.. █........█ █.S.
█........█ █
█.█.██████████........█$█
█............█.██.█████.█
..█.........)...█.......█
......†.................█
..............g.g.......█
.....█.█████▲█████g....██.
...█....[.......hgS.......
.. ██...........██.....███
█...........█......... ..
█...........█......███
█..█........████......█
█............██.██████
███..........██.
█......)...██.
█..........█


You could see a hobgoblin, a goblin and a ball python.

Vanquished Creatures
  A goblin (D:1)
  A hobgoblin (D:1)
  A quokka (D:1)
  A ball python (D:1)
  A kobold (D:1)
5 creatures vanquished.

Notes
Turn   | Place    | Note
-------+----------+-------------------------------------------
     0 | D:1      | Goblin1989 the Demonspawn Shapeshifter began the quest for
                  | the Orb.
     0 | D:1      | Reached XP level 1. HP: 15/15 MP: 1/1
   169 | D:1      | Reached skill level 3 in Shapeshifting
   184 | D:1      | Slain by a goblin

Illustrated notes

Levels and vault maps discovered:
D:1:      beargit_arrival_greenhouse, layout_basic

Skill      XL: |  1 |
---------------+----+-----
Shapeshifting  | 3 |  3.0
Fighting       | |  1.0
Dodging        | |  1.7
Unarmed Combat | |  2.6

Action                     || total
---------------------------++-------
  Melee: Unarmed           ||    17
 Armour: Animal skin       ||    17
  Dodge: Dodged            ||    19
